 Dungeon Crawl Stone Soup version 0.28.0-53-g5a82cb258f (webtiles) character file.

Game seed: 18041532493126958241

237 Sin92 the Skirmisher (level 5, -7/42 HPs)
             Began as a Demonspawn Fighter on July 20, 2022.
             Was an Initiate of Okawaru.
             Mangled by Menkaure (14 damage)
             ... on level 4 of the Dungeon.
             The game lasted 00:04:43 (3252 turns).

Sin92 the Skirmisher (Demonspawn Fighter)           Turns: 3252, Time: 00:04:45

Health: -7/42      AC: 10    Str: 16    XL:     5   Next: 77%
Magic:  7/7        EV:  6    Int: 10    God:    Okawaru [......]
Gold:   71         SH:  5    Dex: 14    Spells: 7/7 levels left

rFire   . . .      SeeInvis .   a - +1 long sword
rCold   . . .      Faith    .   c - +0 buckler
rNeg    . . .      Spirit   .   g - +1 chain mail {rPois}
rPois   +          Reflect  .   (no helmet)
rElec   .          Harm     .   (no cloak)
rCorr   .          Rampage  .   (no gloves)
Will    .....                   (no boots)
Stlth   ..........              (no amulet)
HPRegen 0.14/turn               (no ring)
MPRegen 0.10/turn               (no ring)

@: mighty
A: ignite blood 1, spiny 1
a: Renounce Religion


You were on level 4 of the Dungeon.
You worshipped Okawaru.
Okawaru was noncommittal.
You visited 1 branch of the dungeon, and saw 4 of its levels.

You collected 206 gold pieces.
You spent 135 gold pieces at shops.

Inventory:

Hand Weapons
 a - a +1 long sword (weapon)
Missiles
 n - a throwing net (quivered)
Armour
 b - a +0 scale mail
 c - a +0 buckler (worn)
 e - a +0 chain mail
 g - a +1 chain mail of poison resistance (worn)
Jewellery
 l - a ring of ice
Scrolls
 j - 2 scrolls of teleportation
 o - a scroll of amnesia
 q - a scroll of magic mapping
Potions
 f - 2 potions of heal wounds
 h - a potion of degeneration {unknown}
 i - a potion of curing
 k - a potion of haste {unknown}
 m - a potion of magic {unknown}
 p - a potion of resistance {unknown}


   Skills:
 + Level 3.7 Fighting
 * Level 3.2 Long Blades
 + Level 3.2 Armour
 + Level 1.6 Dodging
 + Level 3.3 Shields
 + Level 1.6 Spellcasting


You had 7 spell levels left.
You didn't know any spells.
Your spell library contained the following spells:

 Spells                   Type           Power      Damage    Failure   Level
 Shock                    Conj/Air       0%         1d3       100%        1
 Corpse Rot               Necr/Air       0%         N/A       100%        2
 Poisonous Vapours        Pois/Air       0%         N/A       100%        2
 Ozocubu's Armour         Ice            0%         N/A       100%        3
 Swiftness                Air            0%         N/A       100%        3
 Airstrike                Air            0%         N/A       100%        4
 Ozocubu's Refrigeration  Ice            0%         4d5       100%        7


Dungeon Overview and Level Annotations

Branches:
Dungeon (4/15)
 Temple: D:4-7

Altars:
Okawaru

Shops:
D:3 [=

Annotations:
D:4 Menkaure


Innate Abilities, Weirdness & Mutations

Your demonic aura sometimes causes spilled blood to erupt in flames.
You are partially covered in sharp spines.


Message History

p - a fuming black potion
Found 20 arrows.
No target in view!
You see here 20 arrows.
You now have 71 gold pieces (gained 9).
q - a scroll of magic mapping Menkaure, Prince of Dust comes into view.
Menkaure is nearby!
You barely miss Menkaure.
Menkaure mumbles some strange words.
Menkaure seems to speed up.
You barely miss Menkaure. Menkaure casts a spell at you.
Pain shoots through your body! Menkaure is struck by your spines.
Menkaure hits you!
Menkaure is nearby!
You are too injured to fight recklessly!
Menkaure is nearby!
You are too injured to fight recklessly!
Unknown command.
You feel very mighty all of a sudden. Menkaure is struck by your spines.
Menkaure closely misses you.
You barely miss Menkaure.
Menkaure is moderately damaged.
Menkaure sighs, "It doesn't hurt if you pull your brain out of your nose yourself."
Menkaure hits you but does no damage.
You barely miss Menkaure.
Menkaure is lightly damaged.
Menkaure is struck by your spines. Menkaure hits you but does no damage.
Menkaure calls on the powers of darkness!
Your body is wracked with pain!
* * * LOW HITPOINT WARNING * * *
You hit Menkaure.
Menkaure is moderately damaged.
Menkaure hits you.
* * * LOW HITPOINT WARNING * * *
You slash Menkaure!
Menkaure is almost destroyed.
Menkaure hits you!
You die...

#.......#
#.......#
###...###
####...##
#.......#
#.##.##.#
#.##.##.###
#.##......#
#.#####.#@#
#.#####.#M#
#.......#..
############


You could see Menkaure (fast).

Vanquished Creatures
  A bullfrog (D:4)
  An orc priest (D:3)
  A centaur skeleton (D:3)
  A gnoll (D:1)
  3 adders
  An adder skeleton (D:4)
  4 worms
  2 dart slugs
  2 orcs (D:3)
  6 endoplasms
  3 giant cockroaches
  10 goblins
  2 hobgoblins
  4 jackals (D:3)
  3 quokkas
  5 ball pythons
  9 bats
  4 rats
62 creatures vanquished.

Notes
Turn   | Place    | Note
-------+----------+-------------------------------------------
     0 | D:1      | Sin92 the Demonspawn Fighter began the quest for the Orb.
     0 | D:1      | Reached XP level 1. HP: 18/18 MP: 1/1
   244 | D:1      | Gained mutation: Your demonic aura sometimes causes spilled
                  | blood to erupt in flames. [demonic ancestry]
   244 | D:1      | Reached XP level 2. HP: 18/24 MP: 2/2
   542 | D:1      | Reached XP level 3. HP: 16/29 MP: 3/3
  1611 | D:2      | Found a faded altar of an unknown god.
  1705 | D:2      | Found an iron altar of Okawaru.
  1734 | D:2      | Reached skill level 1 in Dodging
  1756 | D:2      | Became a worshipper of Warmaster Okawaru
  2085 | D:3      | Found Teuwij's Armour Boutique.
  2093 | D:3      | Reached skill level 1 in Spellcasting
  2098 | D:3      | Reached XP level 4. HP: 24/35 MP: 5/5
  2193 | D:3      | Bought a +1 chain mail of poison resistance for 135 gold
                  | pieces
  2480 | D:3      | Found Jyakoss's Jewellery Boutique.
  2688 | D:3      | Gained mutation: You are partially covered in sharp spines.
                  | [demonic ancestry]
  2688 | D:3      | Reached XP level 5. HP: 28/41 MP: 6/6
  3244 | D:4      | Noticed Menkaure
  3252 | D:4      | Mangled by Menkaure

Illustrated notes

Levels and vault maps discovered:
D:1:      minmay_arrival_wavy_path, layout_loops_corners, feat_on_display
D:2:      layout_loops_ring, basic_altar,
          shapermc_ecumenical_altar_mp_ritualfount
D:3:      layout_basic, serial_shops, nicolae_square_shop,
          nicolae_shop_advertising_works [nicolae_subvault_shop_adworks],
          minivault_23
D:4:      layout_loops_cross, uniq_menkaure

Skill      XL: |  1  2  3  4  5 |
---------------+----------------+-----
Long Blades    | 2 3 |  3.2
Dodging        | 1 |  1.6
Shields        | 3 |  3.3
Spellcasting   | 1 |  1.6
Armour         | 3 |  3.2
Fighting       | |  3.7

Action                   |  1- 3 |  4- 6 || total
-------------------------+-------+-------++-------
Melee: Long sword        |    98 |    77 ||   175
  Use: Scroll            |     4 |     4 ||     8
       Potion            |     1 |     1 ||     2
Armor: Scale mail        |     6 |       ||     6
       Chain mail        |    47 |    63 ||   110
Dodge: Dodged            |    38 |    29 ||    67
Block: Buckler           |    26 |    19 ||    45
